 Dungeon Sprint DCSS version 0.25-a0-502-g6516661 (webtiles) character file.

Game seed: 7298068851315958327, levelgen mode: deterministic

19915 Faca the Warrior (level 13, -8/122 HPs)
             Began as a Formicid Fighter on Feb 12, 2020.
             Was the Champion of Okawaru.
             Mangled by an ettin simulacrum (29 damage)
             ... in the Dungeon (Sprint IX: "|||||||||||||||||||||||||||||").
             The game lasted 00:09:58 (2924 turns).

Faca the Warrior (Formicid Fighter)                 Turns: 2924, Time: 00:09:58

Health: -8/122     AC: 27    Str: 26    XL:     13   Next: 8%
Magic:  22/22      EV: 11    Int:  8    God:    Okawaru [******]
Gold:   572        SH: 26    Dex: 13    Spells: 12/12 levels left

rFire    + + .     SeeInvis +   w - +2 double sword (freeze)
rCold    . . .     Gourm    .   A - +2 tower shield {rF+}
rNeg     . . .     Faith    .   a - +1 plate armour {rF+}
rPois    +         Spirit   .   (helmet unavailable)
rElec    .         Reflect  .   B - +1 cloak
rCorr    .         Harm     .   c - +0 pair of gloves of the Garden {SInv}
MR       +....                  D - +1 pair of boots
Stlth    ..........             (no amulet)
HPRegen  0.30/turn              r - +3 ring of dexterity
MPRegen  0.18/turn              q - ring of poison resistance

@: heroism
A: permanent stasis, dig shafts and tunnels, four strong arms, antennae 3
a: Dig, Heroism, Finesse, Renounce Religion


You were in the Dungeon.
You worshipped Okawaru.
Okawaru was exalted by your worship.
You were hungry.

You visited 1 branch You collected 1930 gold pieces.
You spent 1358 gold pieces at shops.

Inventory:

Hand Weapons
 p - a +2 scimitar of flaming
 w - a +2 double sword of freezing (weapon)
Armour
 a - a +1 plate armour of fire resistance (worn)
 c - the +0 pair of gloves of the Garden (worn) {SInv}
   (You bought it in a shop in the Dungeon)

   It lets you see invisible.
   If you remove this armour, your AC will decrease by 2 (27 -> 25).
 A - a +2 tower shield of fire resistance (worn)
 B - a +1 cloak (worn)
 D - a +1 pair of boots (worn)
Jewellery
 q - a ring of poison resistance (right hand)
 r - a +3 ring of dexterity (left hand)
 s - an uncursed ring of protection from cold
 z - an uncursed ring of resist corrosion
 C - a +4 ring of strength
Wands
 o - a wand of acid (10)
 x - a wand of enslavement (9)
Scrolls
 m - 5 scrolls of remove curse
 n - 2 scrolls of amnesia
 t - 4 scrolls of fear
 u - 2 scrolls of enchant armour
 v - 2 scrolls of fog
Potions
 b - a potion of mutation
 d - a potion of might
 e - 6 potions of curing
 g - 8 potions of heal wounds
 i - 4 potions of magic
 l - a potion of invisibility
Comestibles
 f - 12 rations


   Skills:
 + Level 17.7(22.7) Fighting
 + Level 16.3(21.3) Long Blades
 + Level 14.8(19.8) Armour
 + Level 16.0(21.0) Shields
 + Level 13.0 Invocations


You had 12 spell levels left.
You didn't know any spells.
Your spell library was empty.

Dungeon Overview and Level Annotations

Branches:
Dungeon (1/1)

Altars:
Cheibriados
Dithmenos
Elyvilon
Fedhas
Gozag
Hepliaklqana
Kikubaaqudgha
Makhleb
Nemelex Xobeh
Okawaru
Qazlal
Ru
Sif Muna
Trog
Uskayaw
Vehumet
Wu Jian
Xom
Yredelemnul
Zin
The Shining One
Beogh
Jiyva
Lugonu

Shops:
D ([}=


Innate Abilities, Weirdness & Mutations

You cannot be hasted, slowed, berserked, paralysed or teleported.
You can dig through walls and to a lower floor.
Your four strong arms can wield two-handed weapons with a shield.
You have a pair of large antennae on your head. (SInv)


Message History

You hit the vampire mage but do no damage.
The vampire mage is heavily damaged.
You feel less vulnerable to hostile enchantments.
The vampire mage casts a spell at you. The bolt of negative energy hits you.
You feel drained.
* * * LOW HITPOINT WARNING * * *
You slice the vampire mage!! You freeze the vampire mage.
You destroy the vampire mage!
Okawaru accepts your kill.
Your life force feels restored.
Your base Shields skill increases to level 16!
Your Invocations skill increases to level 13!
You block the ettin simulacrum's attack. x2
Items here: !! ( ) ? [ † You slash the ettin simulacrum!
The ettin simulacrum is moderately damaged.
The ettin simulacrum hits you!
* * * LOW HITPOINT WARNING * * *
The ettin simulacrum freezes you!!
You die... {{{{{{{{{ {{{{{{{{{ {{{{{{{{{ { ▓▓▓▓▓▓▓▓▓▓▓▓▓▓▓▓▓▓▓▓▓▓▓▓▓▓▓ [[[[[[[........)@Z)([.....Z {{{{{

▓▓▓▓▓▓▓▓▓▓▓▓▓▓▓▓▓▓▓▓▓▓▓▓▓▓▓▓▓▓▓▓▓
.....................))...†......
▓▓▓▓▓▓▓▓▓▓▓▓▓▓▓▓▓▓▓▓▓▓▓▓▓▓▓▓▓▓▓▓▓
..)))).........[)....∩.∩.∩[∩.....
▓▓▓▓▓▓▓▓▓▓▓▓▓▓▓▓▓▓▓▓▓▓▓▓▓▓▓▓▓▓▓▓▓
.................................
▓▓▓▓▓▓▓▓▓▓▓▓▓▓▓▓▓▓▓▓▓▓▓▓▓▓▓▓▓▓▓▓▓
......÷÷÷.......†÷........)[)'..[


You could see an ettin simulacrum.

Vanquished Creatures
  An ettin (D)
  2 ogre magi (D)
  A fire dragon (D)
  3 centaur warriors (D)
  A death yak (D)
  A two-headed ogre (D)
  2 vampire magi (D)
  An orc high priest (D)
  5 deep trolls (D)
  A wizard (D)
  2 orc knights (D)
  An orc sorcerer (D)
  A manticore (D)
  A black mamba (D)
  Maurice (D)
  A rime drake (D)
  2 komodo dragons (D)
  A queen bee (shapeshifter) (D)
  7 trolls (D)
  A hippogriff (D)
  A blink frog (D)
  2 yaks (D)
  A basilisk (D)
  Eustachio (D)
  Grum (D)
  5 wargs (D)
  3 water moccasins (D)
  A porcupine (D)
  2 hell hounds (D)
  3 ice beasts (D)
  8 orc warriors (D)
  A necrophage (D)
  3 wolves (D)
  2 crocodiles (D)
  A big kobold (D)
  5 bullfrogs (D)
  5 crimson imps (D)
  A hound (D)
  2 orc priests (D)
  An iguana (D)
  4 orc wizards (D)
  2 worker ants (D)
  A shadow imp (D)
  A leopard gecko (D)
  7 orcs (D)
  A goblin (D)
  2 hobgoblins (D)
  A frilled lizard (D)
  A rat (D)
105 creatures vanquished.

Vanquished Creatures (others)
  A necromancer (D)
1 creature vanquished.

Grand Total: 106 creatures vanquished

Notes
Turn   | Place    | Note
-------+----------+-------------------------------------------
     0 | D        | Faca the Formicid Fighter began the quest for the Orb.
     0 | D        | Reached XP level 1. HP: 18/18 MP: 1/1
    15 | D        | Reached skill level 4 in Fighting
   101 | D        | Noticed an iguana
   101 | D        | Noticed a necrophage
   101 | D        | Noticed an ice beast
   101 | D        | Noticed a crimson imp
   102 | D        | Reached XP level 2. HP: 26/26 MP: 2/2
   108 | D        | Reached skill level 5 in Fighting
   108 | D        | Reached XP level 3. HP: 20/34 MP: 3/3
   112 | D        | Killed a necrophage
   112 | D        | Reached skill level 8 in Fighting
   112 | D        | Reached XP level 4. HP: 24/43 MP: 4/4
   112 | D        | Reached XP level 5. HP: 27/48 MP: 5/5
   119 | D        | Killed an ice beast
   119 | D        | Reached skill level 9 in Fighting
   119 | D        | Reached XP level 6. HP: 16/58 MP: 6/6
   130 | D        | Found a roughly hewn altar of Beogh.
   130 | D        | Found a snail-covered altar of Cheibriados.
   130 | D        | Found a shadowy altar of Dithmenos.
   130 | D        | Found a white marble altar of Elyvilon.
   130 | D        | Found a blossoming altar of Fedhas.
   130 | D        | Found an opulent altar of Gozag.
   131 | D        | Found a hazy altar of Hepliaklqana.
   132 | D        | Found a viscous altar of Jiyva.
   133 | D        | Found an ancient bone altar of Kikubaaqudgha.
   134 | D        | Found a corrupted altar of Lugonu.
   135 | D        | Found a burning altar of Makhleb.
   136 | D        | Found a sparkling altar of Nemelex Xobeh.
   137 | D        | Found an iron altar of Okawaru.
   138 | D        | Found a stormy altar of Qazlal.
   139 | D        | Found a sacrificial altar of Ru.
   140 | D        | Found a shimmering blue altar of Sif Muna.
   141 | D        | Found a bloodstained altar of Trog.
   142 | D        | Found a hide-covered altar of Uskayaw.
   143 | D        | Found a radiant altar of Vehumet.
   144 | D        | Found an ornate altar of the Wu Jian Council.
   145 | D        | Found a shimmering altar of Xom.
   146 | D        | Found a basalt altar of Yredelemnul.
   147 | D        | Found a glowing silver altar of Zin.
   148 | D        | Found a glowing golden altar of the Shining One.
   157 | D        | Became a worshipper of Warmaster Okawaru
   435 | D        | Reached skill level 10 in Fighting
   458 | D        | Reached skill level 11 in Fighting
   458 | D        | Reached skill level 10 in Long Blades
   458 | D        | Reached XP level 7. HP: 44/67 MP: 7/7
   462 | D        | Reached * piety under Okawaru
   587 | D        | Noticed a centaur warrior
   599 | D        | Reached skill level 12 in Fighting
   599 | D        | Reached skill level 5 in Shields
   607 | D        | Killed a centaur warrior
   607 | D        | Reached ** piety under Okawaru
   607 | D        | Reached *** piety under Okawaru
   607 | D        | Reached XP level 8. HP: 49/77 MP: 8/8
   609 | D        | Reached **** piety under Okawaru
   616 | D        | Reached skill level 13 in Fighting
   616 | D        | Reached XP level 9. HP: 37/84 MP: 9/9
   921 | D        | Noticed a black mamba
   942 | D        | Killed a black mamba
   944 | D        | Noticed a komodo dragon
   949 | D        | Reached ***** piety under Okawaru
   958 | D        | Killed a komodo dragon
   958 | D        | Reached skill level 10 in Shields
   962 | D        | Reached skill level 14 in Fighting
   963 | D        | Noticed a rime drake
   969 | D        | Killed a rime drake
   969 | D        | Reached XP level 10. HP: 61/93 MP: 10/10
  1113 | D        | Noticed a komodo dragon
  1116 | D        | Noticed a death yak
  1119 | D        | Killed a komodo dragon
  1119 | D        | Reached skill level 10 in Armour
  1134 | D        | Killed a death yak
  1134 | D        | Reached ****** piety under Okawaru
  1138 | D        | Received a gift from Okawaru
  1141 | D        | Reached skill level 5 in Invocations
  1360 | D        | Reached skill level 15 in Fighting
  1393 | D        | Reached XP level 11. HP: 58/101 MP: 15/15
  1567 | D        | Got the +1 ring mail "Evut" {rCorr Dex+7 Stlth-}
  1670 | D        | Noticed Maurice
  1679 | D        | Killed Maurice
  1871 | D        | Noticed an orc sorcerer
  1871 | D        | Noticed an orc high priest
  1887 | D        | Noticed an orc knight
  1894 | D        | Killed an orc sorcerer
  1894 | D        | Received a gift from Okawaru
  1901 | D        | Noticed an orc knight
  1915 | D        | Killed an orc high priest
  1923 | D        | Killed an orc knight
  1958 | D        | Killed an orc knight
  1966 | D        | Received a gift from Okawaru
  2242 | D        | Found Imaih's Antique Weapon Emporium.
  2242 | D        | Noticed a deep troll
  2242 | D        | Noticed a deep troll
  2246 | D        | Noticed a deep troll
  2248 | D        | Killed a deep troll
  2248 | D        | Reached skill level 16 in Fighting
  2263 | D        | Killed a deep troll
  2265 | D        | Noticed an ogre mage
  2269 | D        | Killed a deep troll
  2269 | D        | Reached skill level 15 in Long Blades
  2275 | D        | Reached skill level 10 in Invocations
  2284 | D        | Reached XP level 12. HP: 59/112 MP: 19/19
  2289 | D        | Killed an ogre mage
  2290 | D        | Found Cuwae's Antique Armour Shoppe.
  2303 | D        | Found Disiorch's Gadget Emporium.
  2307 | D        | Found Roeho's Jewellery Shoppe.
  2500 | D        | Noticed an ogre mage
  2501 | D        | Noticed a deep troll
  2502 | D        | Noticed a deep troll
  2507 | D        | Killed an ogre mage
  2513 | D        | Killed a deep troll
  2521 | D        | Killed a deep troll
  2521 | D        | Received a gift from Okawaru
  2617 | D        | Bought a glowing plate armour for 702 gold pieces
  2617 | D        | Bought a pair of transparent gloves for 256 gold pieces
  2637 | D        | Identified the +0 pair of gloves of the Garden {SInv} (You
                  | bought it in a shop in the Dungeon)
  2647 | D        | Bought an uncursed ring of poison resistance for 200 gold
                  | pieces
  2647 | D        | Bought an uncursed ring of resist corrosion for 200 gold
                  | pieces
  2682 | D        | Noticed Eustachio
  2683 | D        | Noticed Grum
  2688 | D        | Killed Eustachio
  2691 | D        | Killed Grum
  2761 | D        | Found the +6 arbalest "Damnation" {damnation}
  2827 | D        | Noticed a two-headed ogre
  2827 | D        | Noticed a centaur warrior
  2833 | D        | Killed a two-headed ogre
  2833 | D        | Reached skill level 17 in Fighting
  2833 | D        | Reached skill level 15 in Shields
  2841 | D        | Noticed a wizard
  2842 | D        | Killed a centaur warrior
  2845 | D        | Noticed a vampire mage
  2851 | D        | Noticed a centaur warrior
  2854 | D        | Killed a wizard
  2870 | D        | Noticed a fire dragon
  2881 | D        | Killed a vampire mage
  2892 | D        | Killed a centaur warrior
  2901 | D        | Noticed an ettin
  2903 | D        | Killed a fire dragon
  2904 | D        | Noticed a vampire mage
  2917 | D        | Killed an ettin
  2917 | D        | Reached XP level 13. HP: 50/122 MP: 22/22
  2924 | D        | Mangled by an ettin simulacrum

Levels and vault maps discovered:
D:        linesprint [early_d, line_temple, items_1, d_10, items_2, lair_1,
          lair_end, items_3, orc_1, orc_end, items_4, d_15, swamp_1, shoals_1,
          snake_1, spider_1, d_20, vaults_1, items_5, swamp_end, shoals_end,
          snake_end, spider_end, vaults_end, d_27, items_6, zot_1, zot_end,
          crypt_end, forest_end, elf_end, slime_end, tomb_end, abyss_end,
          pan_hell_end]

Skill      XL: |  1  2  3  4  5  6  7  8  9 10 11 12 13 |
---------------+----------------------------------------+-----
Fighting       | 4 5 8 9 11 12 13 14 15 16 17 | 17.7
Long Blades    | 3 4 7 8 10 11 13 15 16 | 16.3
Shields        | 7 8 10 12 14 15 16 | 16.0
Armour         | 7 9 11 13 14 | 14.8
Invocations    | 6 10 12 13 | 13.0

Action                   |  1- 3 |  4- 6 |  7- 9 | 10-12 | 13-15 || total
-------------------------+-------+-------+-------+-------+-------++-------
Melee: Long sword        |    29 |     9 |       |       |       ||    38
       Scimitar          |       |    27 |    76 |    70 |       ||   173
       Double sword      |       |       |       |   241 |     5 ||   246
Invok: Heroism           |       |       |       |     3 |       ||     3
  Use: Potion            |     1 |       |       |     3 |       ||     4
  Eat: Chunk             |       |       |       |     6 |       ||     6
Armor: Scale mail        |     6 |     4 |       |       |       ||    10
       Plate armour      |       |    21 |    23 |    57 |     1 ||   102
Dodge: Dodged            |     6 |     6 |     8 |    35 |       ||    55
Block: Kite shield       |     9 |    13 |    30 |    50 |       ||   102
       Tower shield      |       |       |       |   144 |     4 ||   148
       Rpst.: Long sword |     2 |       |       |       |       ||     2
       Scimitar          |       |     1 |     2 |     5 |       ||     8
       Double sword      |       |       |       |     3 |       ||     3

Table legend:
 A = Non-vault XP
 B = Vault XP
 C = Vault XP percentage of total XP
 D = Non-vault monster count
 E = Vault monster count
 F = Vault count percentage of total count
                 A         B        C        D         E       F
            +---------+---------+-------+---------+---------+-------
      Total |       0 |   28451 | 100.0 |       0 |     105 | 100.0
            +---------+---------+-------+---------+---------+-------
          D |       0 |   28451 | 100.0 |       0 |     105 | 100.0
            +---------+---------+-------+---------+---------+-------
